 Dungeon Crawl Stone Soup version 0.29.1-2-gbd0b4ee654 (webtiles) character file.

Game seed: 8286424196349028184

21 boopmooplesden the Twirler (level 2, -1/25 HPs)
             Began as a Minotaur Gladiator on Nov 29, 2022.
             Slain by a quokka (4 damage)
             ... on level 1 of the Dungeon.
             The game lasted 00:00:40 (375 turns).

boopmooplesden the Twirler (Minotaur Gladiator)      Turns: 375, Time: 00:00:41

Health: -1/25      AC:  3    Str: 18    XL:     2   Next: 65%
Magic:  1/1        EV: 12    Int:  5    God:
Gold:   15         SH:  0    Dex: 11    Spells: 1/1 levels left

rFire   . . .      SeeInvis .   a - +0 quarterstaff
rCold   . . .      Faith    .   (shield currently unavailable)
rNeg    . . .      Spirit   .   b - +0 leather armour
rPois   .          Reflect  .   c - +0 hat
rElec   .          Harm     .   (no cloak)
rCorr   .          Rampage  .   (no gloves)
Will    .....                   (no boots)
Stlth   +.........              (no amulet)
HPRegen 0.08/turn               (no ring)
MPRegen 0.07/turn               (no ring)

@: no status effects
A: horns 2, retaliatory headbutt
a: no special abilities


You were on level 1 of the Dungeon.
You visited 1 branch of the dungeon, and saw 1 of its levels.

You collected 15 gold pieces.

Inventory:

Hand Weapons
 a - a +0 quarterstaff (weapon)
Missiles
 d - 3 throwing nets (quivered)
 e - a javelin
Armour
 b - a +0 leather armour (worn)
 c - a +0 hat (worn)
Scrolls
 f - 2 scrolls of teleportation {unknown}
 g - a scroll of identify {unknown}
 h - a scroll of silence {unknown}
 i - a scroll of vulnerability {unknown}


   Skills:
 + Level 2.6 Fighting
 + Level 4.0 Staves
 + Level 2.2 Throwing
 + Level 0.7 Armour
 + Level 3.7 Dodging


You had one spell level left.
You didn't know any spells.
Your spell library was empty.

Dungeon Overview and Level Annotations

Branches:
Dungeon (1/15)

Altars:


Innate Abilities, Weirdness & Mutations

You have a pair of horns on your head.
You reflexively headbutt those who attack you in melee.


Message History

You kill the giant cockroach!
You completely miss the frilled lizard.
Your headbutt misses the frilled lizard.
The frilled lizard bites you.
* * * LOW HITPOINT WARNING * * *
You hit the frilled lizard but do no damage.
The frilled lizard barely misses you.
You sock the frilled lizard!
You kill the frilled lizard!
You sock the dart slug!
The dart slug is almost dead.
You thump the dart slug!
You kill the dart slug!
Your Staves skill increases to level 4!
You see here a dart slug corpse.
A hobgoblin comes into view.
The hobgoblin shouts!
A quokka comes into view.
There are monsters nearby!
There are monsters nearby!
There are monsters nearby!
A ball python comes into view.
Sorry, you're not good enough to have a special ability.
Sorry, you're not good enough to have a special ability.
The ball python hisses angrily.
You see here a dart slug corpse.
The quokka twitches its whiskers.
You closely miss the quokka. The quokka bites you.
* * * LOW HITPOINT WARNING * * *
You miss the quokka. Your headbutt misses the quokka.
The quokka closely misses you.
You aren't carrying any potions.
You hit the hobgoblin.
The hobgoblin is moderately wounded.
The quokka bites you.
* * * LOW HITPOINT WARNING * * *
The hobgoblin hits you.
* * * LOW HITPOINT WARNING * * *
The quokka bites you.
You die...

........[...#........# ####......
..........††##.#..#.####....##.##
.........†..##.##...###.....##.##
...)......................##[....
............#.......###...##....#
...............#..### ###....####
...##.....####..S.# ###...### ###
####### ##rg##########...)..
###.@...#.......###..
#...............## ###
...................#
...................#####
...................##...
...................#####
...................#
####...............#
##.............##


You could see a quokka, a hobgoblin and a ball python.

Vanquished Creatures
  2 dart slugs (D:1)
  2 ball pythons (D:1)
  A bat (D:1)
  2 giant cockroaches (D:1)
  2 goblins (D:1)
  A hobgoblin (D:1)
  A kobold (D:1)
  2 quokkas (D:1)
  A frilled lizard (D:1)
14 creatures vanquished.

Notes
Turn   | Place    | Note
-------+----------+-------------------------------------------
     0 | D:1      | boopmooplesden the Minotaur Gladiator began the quest for
                  | the Orb.
     0 | D:1      | Reached XP level 1. HP: 18/18 MP: 0/0
   168 | D:1      | Reached XP level 2. HP: 25/25 MP: 1/1
   357 | D:1      | Reached skill level 4 in Staves
   375 | D:1      | Slain by a quokka

Illustrated notes

Levels and vault maps discovered:
D:1:      psy_arrival_fountain, layout_rooms, minmay_tetromino_o2

Skill      XL: |  1  2 |
---------------+-------+-----
Staves         | 4 |  4.0
Fighting       | |  2.6
Throwing       | |  2.2
Armour         | |  0.7
Dodging        | |  3.7

Action                   || total
-------------------------++-------
Melee: Quarterstaff      ||    32
       Headbutt          ||     2
Armor: Leather armour    ||    11
Dodge: Dodged            ||    24
